 Dungeon Crawl Stone Soup version 0.19.5 (webtiles) character file.

30845 Keye the Bludgeoner (level 13, -2/125 HPs)
             Began as a Minotaur Berserker on Apr 28, 2017.
             Was a High Priest of Trog.
             Slain by a six-headed hydra (4 damage)
             ... on level 5 of the Lair of Beasts.
             The game lasted 00:36:38 (12798 turns).

Keye the Bludgeoner (Minotaur Berserker)           Turns: 12798, Time: 00:36:39

Health: -2/125     AC: 22    Str: 28    XL:     13   Next: 22%
Magic:  12/12      EV: 11    Int:  4    God:    Trog [*****.]
Gold:   959        SH:  0    Dex: 12    Spells: 0 memorised, 12 levels left

rFire  + . .     SeeInvis +     U - +9 eveningstar (drain)
rCold  . . .     Gourm    .     K - +0 plate armour
rNeg   . . .     Faith    .     (no shield)
rPois  .         Spirit   .     (helmet restricted)
rElec  .         Reflect  .     h - +0 cloak
rCorr  .         Harm     .     a - +0 pair of gloves
MR     ++...                    P - +2 pair of boots
Stlth  ..........               F - amulet of the Lich-sworn {RegenMP Str+3}
                                E - ring of see invisible
                                x - ring of protection from fire

@: lethally poisoned (-2 -> -18), regenerating
A: retaliatory headbutt, horns 2
a: Berserk, Trog's Hand, Brothers in Arms, Burn Spellbooks, Renounce Religion


You were on level 5 of the Lair of Beasts.
You worshipped Trog.
Trog was extremely pleased with you.
You were not hungry.

You visited 2 branches of the dungeon, and saw 16 of its levels.
You also visited: Ossuary.

You collected 959 gold pieces.

Inventory:

Hand Weapons
 d - a +4 quarterstaff of chaos
 u - a +2 longbow of flaming
 R - a +4 great mace of freezing
 U - a +9 eveningstar of draining (weapon)
Missiles
 i - 174 bolts
 I - 2 steel tomahawks (quivered)
Armour
 a - a +0 pair of gloves (worn)
 h - a +0 cloak (worn)
 K - a +0 plate armour (worn)
 P - a +2 pair of boots (worn)
Rods
 H - a +2 rod of inaccuracy (9/9)
   (You found it on level 9 of the Dungeon)
Jewellery
 p - a +2 amulet of reflection {unknown}
 x - a ring of protection from fire (left hand)
 E - a ring of see invisible (right hand)
 F - the amulet of the Lich-sworn (around neck) {RegenMP Str+3}
   (You found it in an ossuary)

   [amulet of magic regeneration]

   It increases your magic regeneration.
   It affects your strength (+3).
 W - an uncursed ring of poison resistance {unknown}
Wands
 f - a wand of lightning (2/15)
 l - a wand of flame (20/48)
 L - a wand of digging (7/24)
 M - a wand of slowing (19/48)
Scrolls
 e - a scroll of enchant weapon
 m - 2 scrolls of fear
 r - 5 scrolls of teleportation
 s - 4 scrolls of enchant armour
 t - a scroll of magic mapping
 v - 9 scrolls of remove curse
 y - 3 scrolls of amnesia
 B - 3 scrolls of recharging
 N - a scroll of fog
Potions
 g - 5 potions of heal wounds
 j - a potion of flight
 k - 5 potions of might
 n - 3 potions of agility
 w - 3 potions of curing
 D - a potion of berserk rage
 J - 3 potions of magic
 S - 2 potions of mutation {unknown}
 T - a potion of brilliance {unknown}
 V - a potion of haste {unknown}
Comestibles
 b - 2 chunks of flesh
 c - 6 bread rations
 o - 4 beef jerkies
 q - 6 meat rations
 O - 19 fruits
 Z - 3 slices of pizza


   Skills:
 * Level 14.4 Fighting
 - Level 17.4 Maces & Flails
 + Level 12.1 Armour
 - Level 6.4 Dodging


You had 12 spell levels left.
You didn't know any spells.

Dungeon Overview and Level Annotations

Branches:
Dungeon (11/15)            Temple (0/1) D:6            Lair (5/6) D:10
 Shoals (0/4) Lair:4        Snake (0/4) Lair:2          Orc (0/2) D:9
  Slime: Lair:5-6

Altars:
Dithmenos
Fedhas
Nemelex Xobeh
Okawaru
Trog
Vehumet
The Shining One

Shops:
D:9 %

Annotations:
D:8 exclusion: statue
Lair:3 exclusion: oklob plant


Innate Abilities, Weirdness & Mutations

You reflexively headbutt those who attack you in melee.
You have a pair of horns on your head.


Message History

You are lethally poisoned!
The killer bee poisons you!
* * * LOW HITPOINT WARNING * * *
You feel very sick. The killer bee barely misses you. You furiously retaliate!
You headbutt the killer bee! The killer bee closely misses you.
You furiously retaliate!
You headbutt the killer bee!
You kill the killer bee!
Trog accepts your kill. The killer bee closely misses you.
You furiously retaliate!
You headbutt the killer bee!
You kill the killer bee!
Trog accepts your kill.
The meliai calls down the wrath of its god upon you.
Something smites you!
* * * LOW HITPOINT WARNING * * *
The killer bee misses you.
The six-headed hydra bites you but does no damage. x4
The six-headed hydra bites you.
You die...

#........## ##........#
#.........## ##.........#
##........P.#
##.....<.....###
###......[.....#.##
#.#.......Dy......##
###.........@.y.!....##
#.P........yyyy...P...##
...........y#yy...P....##
...[....................##
.............y..........P###
.....#.P......†.#..........##
.....##........###...%....#.#
....# #P.......P####........P
.... #........####..........


You could see a six-headed hydra, a queen bee, 3 meliai and 6 killer bees.

Vanquished Creatures
  Josephine (Lair:5)
  4 hydras
  Erica (Lair:2)
  A catoblepas (Lair:4)
  4 death yaks (Lair:4)
  Urug (Lair:2)
  4 hill giants
  Pikel (D:8)
  7 elephants (Lair:5)
  A naga mage (Lair:2)
  A black mamba (Lair:3)
  Psyche (D:10)
  The ghost of Alannah the Agent of Entropy, a novice DsAK of Lugonu (D:5)
  6 spiny frogs
  A rime drake (Lair:3)
  An efreet (D:10)
  3 komodo dragons
  A troll (D:10)
  A blink frog (Lair:1)
  A two-headed ogre (D:8)
  A snapping turtle (Lair:4)
  3 hippogriffs
  Sigmund (D:5)
  4 wraiths
  2 basilisks
  2 wyverns
  24 yaks
  A hungry ghost (D:7)
  A warg (D:9)
  3 nagas (Lair:2)
  7 water moccasins
  6 porcupines
  A hornet zombie (D:9)
  2 orc warriors
  A black bear (D:10)
  2 eyes of draining (D:9)
  A sky beast (D:6)
  A phantom (D:6)
  6 ogres
  5 wolves (Lair:4)
  A necrophage (D:9)
  An ice beast (D:9)
  4 centaurs
  9 crocodiles
  A big kobold (D:9)
  The ghost of Alannah the Digger, an amateur GrEE (D:3)
  A gnoll sergeant (D:5)
  5 bullfrogs
  A water moccasin zombie (D:9)
  13 scorpions
  5 killer bees (Lair:5)
  12 wights
  4 howler monkeys
  4 crimson imps
  4 jellies
  2 centaur zombies (Ossuary)
  Crazy Yiuf (D:2)
  3 orc priests
  6 hounds
  A bullfrog skeleton (D:9)
  A centaur skeleton (D:6)
  3 iguanas
  7 worker ants
  2 hound zombies
  4 mummies
  A worker ant zombie (D:6)
  3 gnolls (D:5)
  A howler monkey skeleton (D:8)
  6 adders
  3 scorpion zombies (Ossuary)
  3 shadow imps
  An ooze (D:2)
  2 adder skeletons
  An adder zombie (D:5)
  2 worms
  2 dart slugs (D:1)
  7 leopard geckos
  17 orcs
  6 bats
  2 giant cockroaches
  5 hobgoblins
  2 jackals (D:2)
  6 quokkas
  2 ball pythons
  5 frilled lizards
  A giant cockroach zombie (D:5)
  2 gnoll zombies (Ossuary)
  9 goblins
  5 goblin zombies
  3 hobgoblin zombies (Ossuary)
  10 kobolds
  3 kobold zombies
  4 rats
326 creatures vanquished.

Vanquished Creatures (others)
  A black bear (D:7)
  A slave (D:8)
  A leopard gecko (D:8)
  A gnoll zombie (Ossuary)
  2 fungi
6 creatures vanquished.

Grand Total: 332 creatures vanquished

Notes
Turn   | Place    | Note
-------+----------+-------------------------------------------
     0 | D:1      | Keye the Minotaur Berserker began the quest for the Orb.
     0 | D:1      | Reached XP level 1. HP: 19/19 MP: 0/0
    45 | D:1      | Reached skill level 4 in Maces & Flails
   178 | D:1      | Reached XP level 2. HP: 24/26 MP: 1/1
   662 | D:1      | Reached skill level 5 in Maces & Flails
   756 | D:1      | Reached ** piety under Trog
   757 | D:1      | Reached XP level 3. HP: 28/31 MP: 2/2
  1764 | D:2      | Reached XP level 4. HP: 39/39 MP: 3/3
  1907 | D:2      | Reached skill level 6 in Maces & Flails
  2126 | D:2      | Found a runed door.
  2236 | D:2      | Noticed Crazy Yiuf
  2240 | D:2      | Killed Crazy Yiuf
  2598 | D:3      | Noticed Alannah's ghost (amateur GrEE)
  2625 | D:3      | Killed Alannah's ghost
  2625 | D:3      | Reached skill level 7 in Maces & Flails
  2625 | D:3      | Reached XP level 5. HP: 33/45 MP: 4/4
  2913 | D:4      | Noticed an ogre
  2913 | D:4      | Noticed a centaur
  2923 | D:4      | Killed a centaur
  2923 | D:4      | Reached skill level 8 in Maces & Flails
  2923 | D:4      | Reached XP level 6. HP: 30/51 MP: 5/5
  2927 | D:4      | Reached skill level 9 in Maces & Flails
  2952 | D:4      | Found a blossoming altar of Fedhas.
  3095 | D:4      | Found a sand-covered staircase.
  3101 | Ossuary  | Entered an ossuary
  3170 | Ossuary  | Reached XP level 7. HP: 57/57 MP: 6/6
  3176 | Ossuary  | Reached *** piety under Trog
  3193 | Ossuary  | Reached skill level 10 in Maces & Flails
  3466 | Ossuary  | Reached skill level 11 in Maces & Flails
  3518 | Ossuary  | Reached XP level 8. HP: 13/64 MP: 7/7
  3615 | Ossuary  | Got a clouded crystal amulet
  4173 | D:5      | Entered Level 5 of the Dungeon
  4182 | D:5      | Noticed Sigmund
  4195 | D:5      | Killed Sigmund
  4195 | D:5      | Reached skill level 12 in Maces & Flails
  4286 | D:5      | Found a bloodstained altar of Trog.
  4287 | D:5      | Found an iron altar of Okawaru.
  4453 | D:5      | Received a gift from Trog
  4497 | D:5      | Noticed Alannah's ghost (novice DsAK)
  4514 | D:5      | Killed Alannah's ghost
  4514 | D:5      | Reached skill level 13 in Maces & Flails
  4777 | D:5      | Found a glowing golden altar of the Shining One.
  5091 | D:6      | Reached XP level 9. HP: 70/70 MP: 8/8
  5098 | D:6      | Reached skill level 14 in Maces & Flails
  5466 | D:6      | Found a staircase to the Ecumenical Temple.
  5606 | D:7      | Found a shadowy altar of Dithmenos.
  5883 | D:7      | Reached **** piety under Trog
  5908 | D:7      | Identified the amulet of the Lich-sworn {RegenMP Str+3} (You found it in an ossuary)
  6301 | D:8      | Reached skill level 5 in Fighting
  6303 | D:8      | Noticed Pikel
  6314 | D:8      | Killed Pikel
  6314 | D:8      | Reached skill level 5 in Armour
  6465 | D:8      | Reached XP level 10. HP: 62/84 MP: 9/9
  6502 | D:8      | Found a radiant altar of Vehumet.
  7004 | D:9      | Reached skill level 5 in Dodging
  7083 | D:9      | Found a staircase to the Orcish Mines.
  7180 | D:9      | Noticed a hill giant
  7187 | D:9      | Killed a hill giant
  7324 | D:9      | Reached ***** piety under Trog
  7382 | D:9      | Found Dateij's Food Shoppe.
  7501 | D:10     | Entered Level 10 of the Dungeon
  7501 | D:10     | Noticed a hill giant
  7506 | D:10     | Killed a hill giant
  7648 | D:10     | Found a sparkling altar of Nemelex Xobeh.
  7692 | D:10     | Found a staircase to the Lair.
  7746 | D:10     | Noticed a hill giant
  7753 | D:10     | Killed a hill giant
  7753 | D:10     | Reached XP level 11. HP: 90/97 MP: 10/10
  7804 | D:10     | Noticed Psyche
  7816 | D:10     | Killed Psyche
  7841 | D:10     | Received a gift from Trog
  8108 | D:10     | Noticed a hill giant
  8114 | D:10     | Killed a hill giant
  8201 | Lair:1   | Entered Level 1 of the Lair of Beasts
  8526 | Lair:1   | Noticed a six-headed hydra
  8534 | Lair:1   | Killed a six-headed hydra
  8534 | Lair:1   | Reached skill level 15 in Maces & Flails
  8967 | Lair:1   | Noticed a five-headed hydra
  8976 | Lair:1   | Killed a five-headed hydra
  8976 | Lair:1   | Reached skill level 16 in Maces & Flails
  9407 | Lair:2   | Noticed Urug
  9420 | Lair:2   | Killed Urug
  9475 | Lair:2   | Found a staircase to the Snake Pit.
  9525 | Lair:2   | Reached skill level 17 in Maces & Flails
  9696 | Lair:2   | Noticed Erica
  9706 | Lair:2   | Killed Erica
  9750 | Lair:2   | Reached XP level 12. HP: 106/106 MP: 11/11
  9917 | Lair:2   | Reached skill level 10 in Fighting
 10244 | Lair:3   | Reached skill level 10 in Armour
 10796 | Lair:3   | Noticed a five-headed hydra
 10800 | Lair:3   | Killed a five-headed hydra
 11316 | Lair:4   | Noticed a catoblepas
 11330 | Lair:4   | Killed a catoblepas
 11789 | Lair:4   | Noticed a death yak
 11800 | Lair:4   | Killed a death yak
 12243 | Lair:4   | Noticed a death yak
 12243 | Lair:4   | Noticed a death yak
 12244 | Lair:4   | Noticed a death yak
 12247 | Lair:4   | Killed a death yak
 12250 | Lair:4   | Killed a death yak
 12256 | Lair:4   | Killed a death yak
 12417 | Lair:4   | Found a staircase to the Shoals.
 12458 | Lair:5   | Noticed Josephine
 12466 | Lair:5   | Killed Josephine
 12466 | Lair:5   | Reached XP level 13. HP: 110/123 MP: 12/12
 12547 | Lair:5   | Received a gift from Trog
 12798 | Lair:5   | HP: 2/125 [meliai/divine providence (10)]
 12798 | Lair:5   | Slain by a six-headed hydra

Skill      XL: |  1  2  3  4  5  6  7  8  9 10 11 12 13 |
---------------+----------------------------------------+-----
Maces & Flails | 4 5 7 8 9 11 13 14 17 | 17.4
Fighting       | 6 9 13 14 | 14.4
Armour         | 6 9 11 12 | 12.1
Dodging        | 4 6 |  6.4

Action                   |  1- 3 |  4- 6 |  7- 9 | 10-12 | 13-15 || total
-------------------------+-------+-------+-------+-------+-------++-------
Melee: Mace              |    94 |    12 |       |       |       ||   106
       Headbutt          |    11 |    12 |    41 |   114 |    14 ||   192
       Quarterstaff      |       |    60 |   252 |     4 |       ||   316
       Dire flail        |       |       |       |   167 |       ||   167
       Great mace        |       |       |       |    52 |       ||    52
       Eveningstar       |       |       |       |   211 |    42 ||   253
Invok: Trog's Hand       |       |     1 |     2 |     3 |     1 ||     7
       Berserk           |       |     1 |     3 |     3 |     1 ||     8
       Burn Spellbooks   |       |       |       |     1 |       ||     1
  Use: Scroll            |     5 |     1 |     3 |    20 |       ||    29
       Potion            |       |       |       |       |     1 ||     1
 Stab: Confused          |       |     3 |       |       |       ||     3
       Petrifying        |       |       |     1 |       |       ||     1
       Paralysed         |       |       |     2 |       |       ||     2
  Eat: Chunk             |     2 |     6 |    11 |    18 |     3 ||    40
       Bread ration      |       |       |     1 |     1 |       ||     2
Armor: Animal skin       |    17 |     1 |       |       |       ||    18
       Ring mail         |       |    13 |    28 |       |       ||    41
       Plate armour      |       |       |    34 |   216 |   104 ||   354
Dodge: Dodged            |    64 |    37 |   111 |   157 |    85 ||   454
